 Dungeon Crawl Stone Soup version 0.20-a0-739-g6bb112f (webtiles) character file.

254 polly the Gusty (level 5, -1/39 HPs)
             Began as a Draconian Air Elementalist on Feb 25, 2017.
             Shot with an arrow by a centaur (10 damage)
             ... on level 5 of the Dungeon.
             The game lasted 00:06:37 (4367 turns).

polly the Gusty (Draconian Air Elementalist)        Turns: 4367, Time: 00:06:37

Health: -1/39      AC:  7    Str: 10    XL:     5   Next: 90%
Magic:  1/9        EV: 12    Int: 21    God:
Gold:   201        SH:  0    Dex: 11    Spells: 9/10 levels left

rFire    . . .     SeeInvis .   e - +6 whip "Zywief" {freeze, +Fly rC- Int+4}
rCold    x . .     Gourm    .   (armour unavailable)
rNeg     + . .     Faith    .   (no shield)
rPois    .         Spirit   .   (helmet restricted)
rElec    .         Reflect  .   (no cloak)
rCorr    .         Harm     .   l - +0 pair of gloves
MR       .....                  r - +0 pair of boots
Stlth    ++........             (no amulet)
Regen    0.2/turn               w - ring of flight
MPRegen  0.2/turn               c - ring of positive energy

@: no status effects
A: unfitting armour, cold-blooded, AC +5
a: Evoke Flight


You were on level 5 of the Dungeon.
You were not hungry.

You visited 1 branch of the dungeon, and saw 5 of its levels.

You collected 201 gold pieces.

Inventory:

Hand Weapons
 e - the +6 whip "Zywief" (weapon) {freeze, +Fly rC- Int+4}
   (You found it on level 4 of the Dungeon)

   It has been specially enchanted to freeze those struck by it, causing extra
   injury to most foes and up to half again as much damage against particularly
   susceptible opponents.
   It can also slow down cold-blooded creatures.
   It affects your intelligence (+4).
   It makes you vulnerable to cold.
   It lets you fly.
 y - the +5 war axe of the Hidden Suns {freeze, rN+ Stlth+}
   (You found it on level 4 of the Dungeon)

   It has been specially enchanted to freeze those struck by it, causing extra
   injury to most foes and up to half again as much damage against particularly
   susceptible opponents.
   It can also slow down cold-blooded creatures.
   It protects you from negative energy.
   It makes you more stealthy.
Missiles
 z - 3 javelins (quivered)
Armour
 l - a +0 pair of gloves (worn)
 r - a +0 pair of boots (worn)
Jewellery
 c - a ring of positive energy (left hand)
 w - a ring of flight (right hand)
 B - an uncursed ring of see invisible {unknown}
Scrolls
 g - a scroll of blinking {unknown}
 h - 3 scrolls of remove curse {unknown}
 i - 6 scrolls of identify {unknown}
 n - a scroll of fear {unknown}
 o - 2 scrolls of random uselessness {unknown}
 v - 2 scrolls of amnesia {unknown}
 x - a scroll of teleportation {unknown}
Potions
 d - 2 potions of agility {unknown}
 f - a potion of degeneration {unknown}
 j - 2 potions of magic {unknown}
 k - a potion of ambrosia {unknown}
 p - 5 potions of curing {unknown}
 q - a potion of might {unknown}
 s - a potion of invisibility {unknown}
 t - a potion of resistance {unknown}
 u - a potion of haste {unknown}
 C - a potion of brilliance {unknown}
Books
 a - a book of Air

   Spells                             Type                      Level
   a - Shock                          Conjuration/Air              1
   b - Swiftness                      Charms/Air                   2
   c - Static Discharge               Conjuration/Air              3
   d - Airstrike                      Air                          4
   e - Lightning Bolt                 Conjuration/Air              5
Comestibles
 b - 6 bread rations
 m - 2 meat rations
 A - 2 fruits


   Skills:
 + Level 0.9 Fighting
 + Level 0.2(0.9) Axes
 + Level 1.4 Maces & Flails
 + Level 2.7 Dodging
 + Level 2.3 Stealth
 + Level 3.1 Spellcasting
 + Level 2.1 Conjurations
 + Level 4.3 Air Magic


You had 9 spell levels left.
You knew the following spells:

 Your Spells              Type           Power        Failure   Level  Hunger
a - Shock                 Conj/Air       ###.         3%          1    None


Dungeon Overview and Level Annotations

Branches:
Dungeon (5/15)
 Temple: D:4-7

Altars:
Qazlal

Annotations:
D:3 blobert's ghost, amateur MiFi


Innate Abilities, Weirdness & Mutations

Your plain brown scales are hard. (AC +5)
You cannot fit into any form of body armour.
You are cold-blooded and may be slowed by cold attacks.


Message History

The iguana is lightly wounded.
The iguana hisses angrily.
The centaur shoots an arrow.
The arrow closely misses you.
Casting: Shock
Confirm with . or Enter, or press ? or * to list all spells.
Aiming: Shock
Press: ? - help, Shift-Dir - straight line, f/p - centaur
Aim: a centaur, wielding a shortbow (almost dead)
The zap misses the centaur.
The centaur shoots an arrow.
The arrow barely misses you.
Casting: Shock
Confirm with . or Enter, or press ? or * to list all spells.
Aiming: Shock
Press: ? - help, Shift-Dir - straight line, f/p - centaur
Aim: a centaur, wielding a shortbow (almost dead)
The zap hits the centaur.
The centaur is almost dead.
The zap misses the iguana.
The centaur shoots an arrow.
The arrow barely misses you.
The centaur shoots an arrow.
The arrow hits you!
You die...

########
#......#
#.####.#
#.####.#
#....#.###.##..
#<##.((@....cl.
#.####.###.####
#####......#
#........###
#.###.......#
#..#.#....
#..#.# ...
#..#.. .. #..#
#. .


You could see a centaur and an iguana.

Vanquished Creatures
  A scorpion (D:4)
  A centaur skeleton (D:4)
  A hound (D:4)
  2 worker ants
  An adder (D:4)
  An ooze (D:3)
  2 worms
  4 dart slugs
  2 leopard geckos
  2 ball pythons
  3 giant cockroaches
  8 goblins
  8 hobgoblins
  5 jackals (D:4)
  2 quokkas
  9 bats
  6 frilled lizards
  10 kobolds
  2 rats
70 creatures vanquished.

Vanquished Creatures (others)
  A giant cockroach (D:4)
1 creature vanquished.

Grand Total: 71 creatures vanquished

Notes
Turn   | Place    | Note
-------+----------+-------------------------------------------
     0 | D:1      | polly the Draconian Air Elementalist began the quest for the Orb.
     0 | D:1      | Reached XP level 1. HP: 14/14 MP: 3/3
   236 | D:1      | Reached XP level 2. HP: 20/20 MP: 0/5
   965 | D:2      | Reached XP level 3. HP: 26/26 MP: 1/6
  1684 | D:3      | Noticed blobert's ghost (amateur MiFi)
  2024 | D:3      | Reached skill level 4 in Air Magic
  2024 | D:3      | Reached XP level 4. HP: 27/33 MP: 7/7
  2649 | D:3      | Reached skill level 1 in Maces & Flails
  3452 | D:4      | Reached XP level 5. HP: 39/39 MP: 0/9
  3617 | D:4      | Got a faintly glowing war axe
  3618 | D:4      | Identified the +5 war axe of the Hidden Suns {freeze, rN+ Stlth+} (You found it on level 4 of the Dungeon)
  3689 | D:4      | Got a crystal whip
  3690 | D:4      | Identified the +6 whip "Zywief" {freeze, +Fly rC- Int+4} (You found it on level 4 of the Dungeon)
  4062 | D:4      | Found a stormy altar of Qazlal.
  4339 | D:5      | Entered Level 5 of the Dungeon
  4358 | D:5      | Noticed a centaur
  4367 | D:5      | Shot with an arrow by a centaur

Vault maps used:
D:1:      tarquinn_simple_flora_water_c
D:2:      minmay_pentomino_o4
D:3:      first_bread, serial_bayou_pond_d
D:4:      nicolae_qazlal_eye_of_the_storm
D:5:      uniq_prince_ribbit1

Skill      XL: |  1  2  3  4  5 |
---------------+----------------+-----
Dodging        | 2 |  2.7
Air Magic      | 4 |  4.3
Maces & Flails | 1 |  1.4
Stealth        | 2 |  2.3
Conjurations   | 2 |  2.1
Spellcasting   | 3 |  3.1
Fighting       | |  0.9
Axes           | |  0.2

Action                   |  1- 3 |  4- 6 || total
-------------------------+-------+-------++-------
Melee: Unarmed           |    13 |       ||    13
       Whip              |    49 |    61 ||   110
       Tailslap          |     5 |     8 ||    13
       War axe           |       |     7 ||     7
 Cast: Shock             |    84 |    56 ||   140
 Stab: Sleeping          |       |     3 ||     3
  Eat: Chunk             |     3 |     4 ||     7
       Meat ration       |       |     1 ||     1
Armor: Skin              |    22 |    35 ||    57
Dodge: Dodged            |    46 |    65 ||   111
